 Dungeon Crawl Stone Soup version 0.29-a0-555-g3b24f45cc1 (webtiles) character file.

Game seed: 6459712814671195221

843 Crownlay the Cleaver (level 8, -4/67 HPs)
             Began as a Hill Orc Fighter on June 7, 2022.
             Slain by an unseen horror (8 damage)
             ... on level 5 of the Dungeon.
             The game lasted 00:08:28 (5473 turns).

Crownlay the Cleaver (Hill Orc Fighter)             Turns: 5473, Time: 00:08:29

Health: -4/67      AC:  2    Str: 21    XL:     8   Next: 0%
Magic:  8/8        EV:  9    Int:  8    God:
Gold:   171        SH:  4    Dex: 10    Spells: 7/7 levels left

rFire   . . .      SeeInvis .   a - +0 war axe
rCold   . . .      Faith    .   c - +0 buckler
rNeg    . . .      Spirit   .   b - +0 scale mail
rPois   .          Reflect  .   o - +0 helmet
rElec   .          Harm     .   C - +0 cloak
rCorr   .          Rampage  .   p - +0 pair of gloves
Will    +....                   (no boots)
Stlth   ..........              (no amulet)
HPRegen 0.21/turn               t - ring of willpower
MPRegen 0.11/turn               (no ring)

@: corroded, attractive
A: no striking features
a: no special abilities


You were on level 5 of the Dungeon.
You visited 1 branch of the dungeon, and saw 5 of its levels.

You collected 171 gold pieces.

Inventory:

Hand Weapons
 a - a +0 war axe (weapon)
Missiles
 x - a throwing net (quivered)
Armour
 b - a +0 scale mail (worn)
 c - a +0 buckler (worn)
 o - a +0 helmet (worn)
 p - a +0 pair of gloves (worn)
 C - a +0 cloak (worn)
Jewellery
 t - a ring of willpower (left hand)
 B - a ring of protection from cold
Scrolls
 f - 4 scrolls of amnesia
 g - a scroll of poison {unknown}
 i - 4 scrolls of teleportation {unknown}
 j - a scroll of magic mapping {unknown}
 q - 4 scrolls of identify {unknown}
 u - a scroll of immolation {unknown}
 y - a scroll of enchant weapon {unknown}
 z - a scroll of fear {unknown}
 A - a scroll of acquirement {unknown}
 D - a scroll of enchant armour {unknown}
Potions
 d - 2 potions of might
 e - 2 potions of haste {unknown}
 h - 2 potions of magic {unknown}
 k - 2 potions of curing
 l - a potion of flight {unknown}
 m - a potion of brilliance {unknown}
 n - a potion of lignification {unknown}
 r - a potion of attraction
 s - a potion of invisibility {unknown}
 v - a potion of mutation {unknown}
 w - a potion of heal wounds {unknown}


   Skills:
 + Level 4.3 Fighting
 * Level 10.4 Axes
 + Level 1.5 Throwing
 + Level 3.9 Armour
 + Level 4.0 Shields


You had 7 spell levels left.
You didn't know any spells.
Your spell library was empty.

Dungeon Overview and Level Annotations

Branches:
Dungeon (5/15)
 Temple: D:4-7

Altars:

Shops:
D:5 *


Message History

Something hits you! The jelly hits you but does no damage.
You slash the jelly!
Your hands burn!
The jelly is severely wounded.
Something hits you! The jelly barely misses you.
You hit the jelly but do no damage. The acid corrodes you!
Your hands burn!
The jelly is severely wounded.
Something hits you. x2; The jelly hits you.
You are splashed with acid!
* * * LOW HITPOINT WARNING * * *
You are too injured to fight recklessly!
You are too injured to fight recklessly!
You are too injured to fight recklessly!
You are too injured to fight recklessly!
You are too injured to fight recklessly!
You are too injured to fight recklessly!
You are too injured to fight recklessly!
You are too injured to fight recklessly!
You are too injured to fight recklessly!
You are too injured to fight recklessly!
You are too injured to fight recklessly!
You are too injured to fight recklessly!
You are too injured to fight recklessly!
You are too injured to fight recklessly!
You are too injured to fight recklessly!
You are too injured to fight recklessly!
You are too injured to fight recklessly!
You are too injured to fight recklessly!
You slash the jelly!
You kill the jelly!
You hit something but do no damage. Something hits you!
* * * LOW HITPOINT WARNING * * *
Something hits you.
* * * LOW HITPOINT WARNING * * *
Your Shields skill increases to level 4!
You have reached level 8!
It was a potion of curing.
You feel better. Something hits you!
* * * LOW HITPOINT WARNING * * *
It was a potion of attraction.
You feel attractive to monsters. Something completely misses you.
Something hits you!
You die...

#.# # #.# .
#.###### #
#.##... .
#)##.##### .#
#........# #..
####.###.# .(#
#.# #.##..#
#.# #.@..#
#.............
########...#..
..#... #!..#
#... #.. ..


There were no monsters in sight!

Vanquished Creatures
  A water moccasin (D:5)
  An ogre (D:4)
  A bullfrog (D:5)
  A scorpion (D:5)
  4 hounds
  2 jellies (D:5)
  2 orc priests (D:4)
  An iguana (D:5)
  Robin (D:2)
  6 gnolls
  9 adders
  2 worms
  5 dart slugs
  6 orcs
  8 ball pythons
  5 endoplasms
  4 giant cockroaches
  16 goblins
  8 hobgoblins
  4 kobolds
  8 quokkas
  6 bats
  A frilled lizard (D:2)
  4 rats
106 creatures vanquished.

Notes
Turn   | Place    | Note
-------+----------+-------------------------------------------
     0 | D:1      | Crownlay the Hill Orc Fighter began the quest for the Orb.
     0 | D:1      | Reached XP level 1. HP: 19/19 MP: 1/1
   114 | D:1      | Reached skill level 3 in Axes
   169 | D:1      | Reached XP level 2. HP: 26/26 MP: 2/2
   388 | D:1      | Reached skill level 4 in Axes
   642 | D:1      | Reached XP level 3. HP: 12/31 MP: 3/3
  1145 | D:1      | Found a faded altar of an unknown god.
  1281 | D:2      | Reached skill level 5 in Axes
  1432 | D:2      | Reached XP level 4. HP: 35/39 MP: 4/4
  1457 | D:2      | Noticed Robin
  1466 | D:2      | Killed Robin
  1477 | D:2      | Reached skill level 6 in Axes
  2028 | D:2      | Reached XP level 5. HP: 44/45 MP: 5/5
  2402 | D:3      | Reached skill level 7 in Axes
  3323 | D:4      | Reached skill level 8 in Axes
  3323 | D:4      | Reached XP level 6. HP: 47/51 MP: 6/6
  3560 | D:4      | Reached skill level 9 in Axes
  4264 | D:5      | Entered Level 5 of the Dungeon
  4270 | D:5      | Reached XP level 7. HP: 48/57 MP: 7/7
  4858 | D:5      | Found Gyonol's Assorted Antiques.
  4868 | D:5      | Reached skill level 10 in Axes
  4868 | D:5      | Reached skill level 1 in Throwing
  5471 | D:5      | HP: 2/59 [something (1)]
  5472 | D:5      | Reached XP level 8. HP: 2/67 MP: 8/8
  5473 | D:5      | Slain by an unseen horror

Illustrated notes

Levels and vault maps discovered:
D:1:      evilmike_arrival_plus, layout_basic,
          hellmonk_ecumenical_altar_prayer_group, lemuel_another_geyser
D:2:      layout_basic, uniq_robin
D:3:      layout_basic, grunt_decor_cap
D:4:      layout_basic
D:5:      cheibrodos_fzero, layout_loops_corners, serial_shops,
          kennysheep_little_box

Skill      XL: |  1  2  3  4  5  6  7 |
---------------+----------------------+-----
Axes           | 3 4 5 6 8 9 10 | 10.4
Fighting       | 4 |  4.3
Throwing       | 1 |  1.5
Shields        | 4 |  4.0
Armour         | |  3.9

Action                   |  1- 3 |  4- 6 |  7- 9 || total
-------------------------+-------+-------+-------++-------
Melee: War axe           |   111 |   159 |    78 ||   348
  Use: Scroll            |       |     1 |       ||     1
       Potion            |       |       |     2 ||     2
Armor: Scale mail        |    66 |    73 |    30 ||   169
Dodge: Dodged            |    52 |    74 |    28 ||   154
Block: Buckler           |    22 |    26 |    14 ||    62

Table legend: (Time is in decaauts)
 A = Elapsed time spent in this place.
 B = Non-inter-level travel time spent in this place.
 C = Inter-level travel time spent in this place.
 D = Time resting spent in this place.
 E = Time spent auto-exploring this place.
 F = Levels seen in this place.
 G = Mean time per level.
                   A        B        C        D        E       F      G
               +--------+--------+--------+--------+--------+-----+--------+
         Total |   5539 |   5324 |    215 |      0 |   4538 |   5 | 1107.8 |
       Dungeon |   5539 |   5324 |    215 |      0 |   4538 |   5 | 1107.8 |
               +--------+--------+--------+--------+--------+-----+--------+

Top non-repeatable levels by time:
     D:4: 1291 daAuts
     D:1: 1264 daAuts
     D:5: 1212 daAuts
     D:2: 1000 daAuts
     D:3: 770 daAuts
